 Dungeon Crawl Stone Soup version 0.18.1-5-g4a78601 (webtiles) character file.

553 Heskey the Poker (level 7, -5/88 HPs)
             Began as a Merfolk Gladiator on May 14, 2016.
             Slain by a flying skull (9 damage)
             ... on level 1 of the Abyss.
             The game lasted 00:06:23 (4287 turns).

Heskey the Poker (Merfolk Gladiator)                Turns: 4287, Time: 00:06:24

Health: -5/88      AC:  7    Str: 22 (23) XL:     7   Next: 29%
Magic:  7/7        EV: 11    Int:  5 (7)  God:
Gold:   207        SH:  0    Dex: 12 (14) Spells: 0 memorised, 6 levels left

rFire  . . .     SeeInvis .     a - +1 trident
rCold  . . .     Gourm    .     i - +0 scale mail
rNeg   . . .     Faith    .     (no shield)
rPois  .         Spirit   .     c - +0 helmet
rElec  .         Dismiss  .     (no cloak)
rCorr  .         Reflect  .     (no gloves)
SustAt .         Harm     .     (no boots)
MR     .....                    (no amulet)
Stlth  ..........               (no ring)
                                (no ring)

@: berserking (expiring), drained, very quick, not resistant to hostile
enchantments, extremely unstealthy
A: change form in water, swift swim
a: no special abilities


You were on level 1 of the Abyss.
You were not hungry.

You visited 1 branch of the dungeon, and saw 6 of its levels.
You visited the Abyss 1 time.

You collected 207 gold pieces.

Inventory:

Hand Weapons
 a - a +1 trident (weapon)
Missiles
 d - 3 throwing nets (quivered)
Armour
 c - a +0 helmet (worn)
 i - a +0 scale mail (worn)
Jewellery
 t - an uncursed ring of stealth {unknown}
Scrolls
 b - a scroll of amnesia {unknown}
 h - a scroll of remove curse
 l - a scroll of fog
Potions
 g - 4 potions of curing
 o - 2 potions of mutation {unknown}
 q - a potion of brilliance {unknown}
 s - 2 potions of might {unknown}
 w - a potion of heal wounds {unknown}
Comestibles
 f - 4 bread rations
 r - a beef jerky
 v - 2 slices of pizza
 x - 2 fruits


   Skills:
 * Level 6.4(6.0) Fighting
 + Level 7.0(6.7) Polearms
 - Level 2.0(1.7) Throwing
 + Level 2.3(2.0) Armour
 - Level 4.0(3.7) Dodging


You had 6 spell levels left.
You didn't know any spells.

Dungeon Overview and Level Annotations

Branches:
Dungeon (6/15)
 Temple: D:4-7

Altars:
Kikubaaqudgha

Annotations:
D:5 Rattbag's ghost, amateur MfCK


Message History

Unknown command.
You are too injured to fight recklessly!
Your scale mail prevents you from hitting the flying skull.
The flying skull hits you!
* * * LOW HITPOINT WARNING * * *
A flying skull comes into view.
You barely miss the flying skull.
The flying skull gives a hideous shriek!
The small abomination hits you.
* * * LOW HITPOINT WARNING * * *
The flying skull barely misses you.
You closely miss the flying skull. The flying skull misses you.
The small abomination hits you.
* * * LOW HITPOINT WARNING * * *
A flying skull comes into view.
The flying skull gives a hideous shriek!
You hit the flying skull.
The flying skull is moderately damaged.
The flying skull hits you!
You die... ## z⌠. . ⌠ . # ...# . . ...#.# .##. zz.

##.#..# # #@z...##
.## ##x..#.####..
#...#. .# ## #
#.###. #... #
#.....##...#... #
.#..# #.###..###
#......#.#...#..# .#
#####..[#.#..#..#..#
##.###. ..... ...


You could see a small abomination and 3 flying skulls.

Vanquished Creatures
  A centaur (D:5)
  A giant frog (D:6)
  The ghost of MirrMurr the Grasshopper, an amateur FeWr (D:3)
  A hound (D:4)
  A giant frog skeleton (D:5)
  3 orc wizards (D:3)
  2 worker ants
  An ooze (D:5)
  3 adder skeletons (D:4)
  3 worms
  5 dart slugs
  5 giant geckos
  15 orcs
  6 giant cockroaches
  8 goblins
  14 hobgoblins
  4 jackals
  3 quokkas
  3 ball pythons
  5 bats
  4 giant newts
  12 kobolds
  2 quokka skeletons (D:4)
  5 rats
  2 plants (D:2)
110 creatures vanquished.

Notes
Turn   | Place    | Note
--------------------------------------------------------------
     0 | D:1      | Heskey the Merfolk Gladiator began the quest for the Orb.
     0 | D:1      | Reached XP level 1. HP: 16/16 MP: 1/1
    59 | D:1      | Reached XP level 2. HP: 20/23 MP: 2/2
   247 | D:1      | Reached skill level 5 in Polearms
   632 | D:1      | Reached XP level 3. HP: 28/28 MP: 3/3
  1261 | D:2      | Reached XP level 4. HP: 35/35 MP: 4/4
  1856 | D:3      | Reached skill level 1 in Armour
  1868 | D:3      | Reached XP level 5. HP: 26/43 MP: 5/5
  2175 | D:3      | Found a faded altar to an unknown god.
  2342 | D:3      | Noticed MirrMurr's ghost (amateur FeWr)
  2379 | D:3      | Killed MirrMurr's ghost
  2379 | D:3      | Reached skill level 5 in Fighting
  2379 | D:3      | Reached skill level 6 in Polearms
  2379 | D:3      | Reached XP level 6. HP: 35/51 MP: 6/6
  3167 | D:5      | Entered Level 5 of the Dungeon
  3204 | D:5      | Found an ancient bone altar of Kikubaaqudgha.
  3254 | D:5      | Reached XP level 7. HP: 17/58 MP: 7/7
  3307 | D:5      | Noticed Rattbag's ghost (amateur MfCK)
  3351 | D:6      | Reached skill level 7 in Polearms
  4151 | D:5      | Cast into level 1 of the Abyss (Rattbag's ghost)
  4279 | Abyss:1  | Noticed a flying skull
  4280 | Abyss:1  | Noticed a flying skull
  4285 | Abyss:1  | Noticed a flying skull
  4286 | Abyss:1  | HP: 4/88 [small abomination (2)]
  4287 | Abyss:1  | Noticed a flying skull
  4287 | Abyss:1  | Slain by a flying skull

Skill      XL: |  1  2  3  4  5  6  7 |
---------------+----------------------+-----
Polearms       | 5 6 7 |  7.0
Fighting       | 3 4 5 6 |  6.4
Armour         | 1 2 |  2.3
Throwing       | |  2.0
Dodging        | |  4.0

Action                   |  1- 3 |  4- 6 |  7- 9 || total
-------------------------+-------+-------+-------++-------
Melee: Trident           |   129 |   332 |    46 ||   507
  Use: Scroll            |     1 |     5 |       ||     6
       Potion            |       |       |     6 ||     6
  Eat: Chunk             |     1 |     5 |     1 ||     7
       Beef jerky        |       |     1 |       ||     1
       Meat ration       |       |       |     1 ||     1
Armor: Leather armour    |     1 |       |       ||     1
       Scale mail        |    78 |    61 |    15 ||   154
Dodge: Dodged            |    65 |   104 |    25 ||   194
